 Dungeon Crawl Stone Soup version 0.28.0-43-g3370ac3207 (webtiles) character file.

Game seed: 6425996132248807294

438 Peloso the Slasher (level 6, -2/53 HPs)
             Began as a Minotaur Fighter on Mar 6, 2022.
             Succumbed to Crazy Yiuf's poison
             ... on level 3 of the Dungeon.
             The game lasted 00:03:40 (3111 turns).

Peloso the Slasher (Minotaur Fighter)               Turns: 3111, Time: 00:03:41

Health: -2/53      AC:  7    Str: 20    XL:     6   Next: 69%
Magic:  5/5        EV: 10    Int:  5    God:
Gold:   163        SH:  5    Dex: 12    Spells: 5/5 levels left

rFire   . . .      SeeInvis .   a - +0 long sword
rCold   . . .      Faith    .   c - +0 buckler
rNeg    . . .      Spirit   .   b - +0 scale mail
rPois   .          Reflect  .   (helmet restricted)
rElec   .          Harm     .   (no cloak)
rCorr   .          Rampage  .   (no gloves)
Will    .....                   (no boots)
Stlth   ..........              (no amulet)
HPRegen 0.17/turn               (no ring)
MPRegen 0.09/turn               (no ring)

@: lethally poisoned (-2 -> -17)
A: horns 2, retaliatory headbutt
a: no special abilities


You were on level 3 of the Dungeon.
You visited 1 branch of the dungeon, and saw 3 of its levels.

You collected 163 gold pieces.

Inventory:

Hand Weapons
 a - a +0 long sword (weapon)
Armour
 b - a +0 scale mail (worn)
 c - a +0 buckler (worn)
Jewellery
 k - a ring of willpower
 o - an amulet of magic regeneration
 s - a ring of magical power
Wands
 q - a wand of polymorph (13)
Scrolls
 e - a scroll of enchant weapon {unknown}
 j - a scroll of identify {unknown}
 l - a scroll of amnesia {unknown}
 m - 3 scrolls of acquirement {unknown}
 n - a scroll of teleportation {unknown}
 p - a scroll of magic mapping {unknown}
Potions
 d - a potion of might
 f - a potion of brilliance {unknown}
 g - a potion of curing {unknown}
 h - a potion of resistance {unknown}
 i - 2 potions of heal wounds {unknown}
 r - a potion of degeneration {unknown}


   Skills:
 + Level 4.7 Fighting
 + Level 5.6 Long Blades
 + Level 5.4 Armour
 + Level 1.9 Dodging
 + Level 0.2 Stealth
 + Level 4.9 Shields


You had 5 spell levels left.
You didn't know any spells.
Your spell library contained the following spells:

 Spells                   Type           Power      Damage    Failure   Level
 Animate Skeleton         Necr           0%         N/A       88%         1
 Apportation              Tloc           0%         N/A       88%         1
 Summon Small Mammal      Summ           0%         N/A       88%         1


Dungeon Overview and Level Annotations

Branches:
Dungeon (3/15)

Altars:
Elyvilon

Annotations:
D:2 Sigmund


Innate Abilities, Weirdness & Mutations

You have a pair of horns on your head.
You reflexively headbutt those who attack you in melee.


Message History

The goblin is severely wounded.
The goblin closely misses you. You furiously retaliate!
You headbutt the goblin.
You kill the goblin!
Things that are here:
a +0 dagger; a goblin corpse
Things that are here:
a +0 dagger; a goblin corpse
There is a stone staircase leading up here.
Found 13 sling bullets.
You see here 13 sling bullets.
There is an escape hatch in the floor here.
Could not explore, unopened runed door.
Could not explore, unopened runed door.
You open the door.
Crazy Yiuf whimpers, "Lugonu song poople!"
Crazy Yiuf hits you with a +3 quarterstaff of chaos.
You are electrocuted!
You hit Crazy Yiuf but do no damage. Crazy Yiuf closely misses you.
You closely miss Crazy Yiuf.
Crazy Yiuf hits you with a +3 quarterstaff of chaos!
Crazy Yiuf burns you.
You hit Crazy Yiuf.
Crazy Yiuf is lightly wounded.
Crazy Yiuf says, "Rot disdain tortoise!"
Crazy Yiuf closely misses you. You furiously retaliate!
You headbutt Crazy Yiuf! You barely miss Crazy Yiuf.
Crazy Yiuf is heavily wounded.
Crazy Yiuf hits you with a +3 quarterstaff of chaos!
* * * LOW HITPOINT WARNING * * *
You are lethally poisoned!
You slash Crazy Yiuf!
Crazy Yiuf is almost dead.
* * * LOW HITPOINT WARNING * * *
You feel very sick. You block Crazy Yiuf's attack.
You hit Crazy Yiuf.
You kill Crazy Yiuf!
You die...

#..........###....####†.####.####
#..........# #....# #..###<.#
#..........# ♣....♣ #..##..##
#..........# ♣...♣♣ ##.##.## #
##.........# ♣♣.♣♣ ##....######
##.....>.)# ♣.♣♣ #...........
######...# ♣♣.♣ ####...#####
##...# ♣.♣♣ #...# #....# ♣♣@♣
#<..# #....# #)# #...# #....# ...
##### #....# #...# #....# #..)#
##...# ##### ##..# ####


There were no monsters in sight!

Vanquished Creatures
  Grinder (D:3)
  A water moccasin skeleton (D:3)
  Crazy Yiuf (D:3)
  Ijyb (D:3)
  An iguana (D:3)
  4 gnolls (D:3)
  5 adders
  An orc (D:3)
  3 ball pythons
  5 endoplasms
  5 giant cockroaches
  4 goblins
  9 hobgoblins
  4 jackals (D:3)
  6 kobolds
  2 quokkas (D:1)
  8 bats
  6 frilled lizards
  5 rats
72 creatures vanquished.

Vanquished Creatures (others)
  A butterfly (D:3)
  11 plants (D:3)
  11 withered plants (D:3)
23 creatures vanquished.

Grand Total: 95 creatures vanquished

Notes
Turn   | Place    | Note
-------+----------+-------------------------------------------
     0 | D:1      | Peloso the Minotaur Fighter began the quest for the Orb.
     0 | D:1      | Reached XP level 1. HP: 19/19 MP: 0/0
   217 | D:1      | Reached XP level 2. HP: 21/27 MP: 1/1
   360 | D:1      | You fall into a shaft and drop 1 floor!
   717 | D:1      | Reached XP level 3. HP: 33/33 MP: 2/2
  1665 | D:2      | Reached XP level 4. HP: 40/40 MP: 3/3
  1676 | D:2      | Noticed Sigmund
  1881 | D:3      | Reached XP level 5. HP: 35/47 MP: 4/4
  1975 | D:3      | Noticed Ijyb
  2000 | D:3      | Killed Ijyb
  2020 | D:3      | Reached skill level 1 in Dodging
  2314 | D:3      | Found a white marble altar of Elyvilon.
  2527 | D:3      | Noticed Grinder
  2542 | D:3      | Killed Grinder
  2543 | D:3      | Reached skill level 5 in Long Blades
  2543 | D:3      | Reached skill level 5 in Armour
  2543 | D:3      | Reached XP level 6. HP: 26/53 MP: 5/5
  2725 | D:3      | Found a faded altar of an unknown god.
  2944 | D:3      | Found a runed translucent door.
  2945 | D:3      | Noticed Crazy Yiuf
  3110 | D:3      | HP: 2/53 [poisoned by Crazy Yiuf]
  3111 | D:3      | Killed Crazy Yiuf
  3111 | D:3      | Succumbed to Crazy Yiuf's poison

Illustrated notes

Levels and vault maps discovered:
D:1:      onia_arrival_mini_spirals, layout_loops_corners,
          minmay_misc_feat_rows, st_stairs_3, hangedman_decor_clover_reticule
D:2:      minmay_general_purpose_star, layout_rooms, hangedman_feature_mirror,
          minmay_bisected, uniq_sigmund
D:3:      layout_rooms, nicolae_elyvilon_peaceful_grove,
          shapermc_ecumenical_altar_flowoftime, uniq_grinder, uniq_ijyb,
          uniq_crazy_yiuf_cottage

Skill      XL: |  1  2  3  4  5 |
---------------+----------------+-----
Fighting       | 4 |  4.7
Armour         | 4 5 |  5.4
Shields        | 4 |  4.9
Long Blades    | 3 4 5 |  5.6
Dodging        | 1 |  1.9
Stealth        | |  0.2

Action                   |  1- 3 |  4- 6 || total
-------------------------+-------+-------++-------
Melee: Long sword        |    96 |    95 ||   191
       Headbutt          |    16 |    15 ||    31
Armor: Scale mail        |    50 |    38 ||    88
       Skin              |       |     3 ||     3
Dodge: Dodged            |    44 |    38 ||    82
Block: Buckler           |    20 |    31 ||    51
